 Dungeon Crawl Stone Soup version 0.27.1-3-gb3d3a73c9e (webtiles) character file.

Game seed: 16912098339251350222

823 larifari the Changer (level 7, -3/53 HPs)
             Began as a Merfolk Transmuter on Oct 22, 2021.
             Was an Initiate of Gozag.
             Slain by a wyvern zombie (14 damage)
             ... on level 6 of the Dungeon.
             The game lasted 00:20:39 (8510 turns).

larifari the Changer (Merfolk Transmuter)           Turns: 8510, Time: 00:20:39

Health: -3/53      AC:  4    Str: 10    XL:     7   Next: 96%
Magic:  12/12      EV: 12    Int: 20    God:    Gozag
Gold:   62         SH:  0    Dex: 15    Spells: 3/13 levels left

rFire    . . .     SeeInvis .   a - +1 spear
rCold    . . .     Faith    .   (no shield)
rNeg     . . .     Spirit   .   o - +0 robe
rPois    .         Reflect  .   (helmet currently unavailable)
rElec    .         Harm     .   l - +1 cloak
rCorr    .         Rampage  .   (no gloves)
Will     .....                  (boots currently unavailable)
Stlth    +.........             (no amulet)
HPRegen  0.17/turn              k - +6 ring of intelligence
MPRegen  0.13/turn              (no ring)

@: appendages
A: horns 2, (nimble swimmer 2), mertail
a: End Transformation, Renounce Religion, Potion Petition, Call Merchant, Bribe
Branch


You were on level 6 of the Dungeon.
You worshipped Gozag.
Gozag was noncommittal.
You had temporarily grown beastly horns.
You visited 2 branches of the dungeon, and saw 7 of its levels.

You collected 373 gold pieces.
You spent 280 gold pieces at shops.
You paid 31 gold pieces to Gozag.

Inventory:

Hand Weapons
 a - a +1 spear (weapon)
 f - a +0 dagger of freezing
Missiles
 c - 148 stones
 h - 35 bolts
 m - 38 poisoned darts (quivered)
Armour
 l - a +1 cloak (worn)
 o - a +0 robe (worn)
Magical Staves
 j - a staff of cold
Jewellery
 k - a +6 ring of intelligence (left hand)
 v - an amulet of faith
Wands
 r - a wand of polymorph (6)
 u - a wand of paralysis (10)
Scrolls
 d - 3 scrolls of enchant armour
 g - 2 scrolls of noise
 p - a scroll of magic mapping {unknown}
 s - 2 scrolls of blinking {unknown}
 y - a scroll of brand weapon {unknown}
Potions
 b - 3 potions of heal wounds
 e - 2 potions of flight
 i - 3 potions of invisibility
 n - a potion of attraction {unknown}
 q - a potion of brilliance {unknown}
 t - a potion of magic {unknown}
 w - 4 potions of curing
 x - a potion of might
 z - a potion of berserk rage


   Skills:
 + Level 3.6 Fighting
 - Level 0.6 Polearms
 - Level 2.6 Dodging
 - Level 3.6 Unarmed Combat
 + Level 3.5 Spellcasting
 * Level 6.7 Transmutations
 * Level 3.5 Ice Magic
 + Level 3.8 Poison Magic


You had 3 spell levels left.
You knew the following spells:

 Your Spells              Type           Power      Damage    Failure   Level
a - Beastly Appendage     Tmut           60%        N/A       1%          1
b - Wereblood             Tmut           30%        N/A       1%          2
c - Spider Form           Tmut/Pois      12%        N/A       4%          3
d - Ice Form              Ice/Tmut       24%        N/A       16%         4

Your spell library contained the following spells:

 Spells                   Type           Power      Damage    Failure   Level
 Ensorcelled Hibernation  Hex/Ice        20%        N/A       10%         2
 Corona                   Hex            3%         N/A       14%         1
 Dazzling Flash           Conj/Hex       6%         N/A       38%         3
 Agony                    Necr           3%         N/A       98%         5
 Silence                  Hex/Air        1%         N/A       98%         5
 Shadow Creatures         Summ           N/A        N/A       100%        6


Dungeon Overview and Level Annotations

Branches:
Dungeon (6/15)             Temple (1/1) D:4

Altars:
Ashenzari
Cheibriados
Dithmenos
Elyvilon
Fedhas
Gozag
Hepliaklqana
Kikubaaqudgha
Makhleb
Nemelex Xobeh
Okawaru
Qazlal
Ru
Sif Muna
Trog
Uskayaw
Vehumet
Wu Jian
Xom
Yredelemnul
Zin
The Shining One

Shops:
D:6 !


Innate Abilities, Weirdness & Mutations

You have temporarily grown beastly horns.
((You are quick and stealthy near water. (Stealth+, EV+, Speed+++)))
Your lower body shifts to a powerful aquatic tail in water.


Message History

The wyvern zombie is severely damaged.
The wyvern zombie bites you. The wyvern zombie barely misses you.
The wyvern zombie bites you.
You climb upwards.
There is a stone staircase leading down here.
You start resting.
Your transformation is almost over.
You start resting.
Your horns disappear.
You start resting.
HP restored.
Casting: Beastly Appendage (safe; 1% risk of failure)
Confirm with . or Enter, or press ? or * to list all spells.
You grow a pair of large bovine horns.
You climb downwards.
The wyvern zombie bites you. The wyvern zombie misses you.
There is a stone staircase leading up, spattered with blood here.
You hit the wyvern zombie. You headbutt the wyvern zombie.
The wyvern zombie is severely damaged.
The wyvern zombie closely misses you.
You hit the wyvern zombie.
The wyvern zombie is severely damaged.
The wyvern zombie closely misses you.
You hit the wyvern zombie but do no damage.
Your headbutt misses the wyvern zombie.
The wyvern zombie is severely damaged.
The wyvern zombie bites you! The wyvern zombie barely misses you.
You hit the wyvern zombie. You headbutt the wyvern zombie.
The wyvern zombie is almost destroyed.
The wyvern zombie bites you but does no damage.
You hit the wyvern zombie but do no damage.
The wyvern zombie is almost destroyed.
The wyvern zombie bites you!
You hit the wyvern zombie.
The wyvern zombie is almost destroyed.
The wyvern zombie bites you! x2
* * * LOW HITPOINT WARNING * * *
You are too injured to fight recklessly!
The wyvern zombie bites you!
You die...
Your body crumbles into a pile of gold.

......# ####### ......# #≈≈≈≈≈#
##..### #≈♣.♣≈### ##..######.
#≈.∩..'.# ........... #≈♣.♣≈#.#
.#..######. #≈≈≈≈≈#.# .#..#
#######.#
.##.############.##..############
+##>............@Z...............
.........########################
.........#......................#
.........#.####################.#
.........#.# #.# .........#.# #.#
.........#.# #.# .........#.# #.#
.........#.# #.#


You could see a wyvern zombie.

Vanquished Creatures
  A necrophage (D:5)
  A sky beast (D:5)
  A centaur (D:5)
  2 jellies
  A centaur skeleton (D:4)
  A bullfrog skeleton (D:5)
  2 orc priests (D:5)
  Crazy Yiuf (D:3)
  A gnoll shaman (D:6)
  2 hounds
  Jessica (D:2)
  A howler monkey zombie (D:5)
  7 gnolls
  2 adders
  A river rat (D:3)
  2 shadow imps
  A white imp (D:5)
  An ufetubus (D:5)
  An adder skeleton (D:4)
  2 dart slugs
  2 orcs (D:5)
  8 ball pythons
  3 endoplasms
  2 giant cockroaches (D:3)
  4 goblins
  5 hobgoblins
  11 jackals
  5 quokkas
  4 bats
  A frilled lizard (D:1)
  7 kobolds
  10 rats
94 creatures vanquished.

Vanquished Creatures (collateral kills)
  A scorpion (D:4)
1 creature vanquished.

Grand Total: 95 creatures vanquished

Notes
Turn   | Place    | Note
-------+----------+-------------------------------------------
     0 | D:1      | larifari the Merfolk Transmuter began the quest for the
                  | Orb.
     0 | D:1      | Reached XP level 1. HP: 15/15 MP: 3/3
   193 | D:1      | Reached skill level 3 in Transmutations
   250 | D:1      | Reached XP level 2. HP: 18/21 MP: 5/5
   323 | D:1      | Learned a level 2 spell: Wereblood
  1284 | D:2      | Noticed Jessica
  1862 | D:2      | Reached XP level 3. HP: 26/26 MP: 4/6
  1866 | D:2      | Learned a level 3 spell: Spider Form
  2943 | D:3      | Reached skill level 1 in Poison Magic
  2953 | D:3      | Found a faded altar of an unknown god.
  3144 | D:3      | Reached XP level 4. HP: 31/33 MP: 4/7
  3188 | D:3      | Found a runed translucent door.
  3395 | D:3      | Reached skill level 4 in Transmutations
  3823 | D:3      | Noticed Crazy Yiuf
  4311 | D:4      | Found a staircase to the Ecumenical Temple.
  4311 | D:4      | Noticed a scorpion
  4457 | D:4      | Killed a scorpion
  4458 | D:4      | Reached XP level 5. HP: 20/38 MP: 6/8
  4922 | D:4      | Reached skill level 5 in Transmutations
  4931 | D:4      | Reached XP level 6. HP: 37/46 MP: 8/10
  5197 | Temple   | Entered the Ecumenical Temple
  5401 | Temple   | Became a worshipper of Gozag Ym Sagoz the Greedy
  5464 | D:4      | Found a hazy altar of Hepliaklqana.
  5570 | D:2      | Killed Jessica
  5575 | D:2      | Got Jessica's Handbook of Malediction
  5728 | D:3      | Killed Crazy Yiuf
  5789 | D:5      | Entered Level 5 of the Dungeon
  6232 | D:5      | Reached skill level 1 in Ice Magic
  6838 | D:5      | Noticed a sky beast
  6846 | D:5      | Killed a sky beast
  6847 | D:5      | Reached skill level 6 in Transmutations
  6847 | D:5      | Reached XP level 7. HP: 43/52 MP: 7/11
  6955 | D:5      | Learned a level 4 spell: Ice Form
  7565 | D:6      | Found Vintyn's Distillery.
  7570 | D:6      | Bought a potion of curing for 42 gold pieces
  7570 | D:6      | Bought a potion of invisibility for 112 gold pieces
  7570 | D:6      | Bought a potion of might for 56 gold pieces
  7570 | D:6      | Bought a potion of berserk rage for 70 gold pieces
  8510 | D:6      | Slain by a wyvern zombie

Illustrated notes

Levels and vault maps discovered:
D:1:      scummos_arrival_simple_fountains, layout_loops_cross
D:2:      layout_basic, kennysheep_jessica_study
D:3:      layout_basic, hellmonk_ecumenical_altar_inner_sanctum,
          portal_sewer_entry_b, uniq_crazy_yiuf_cottage
D:4:      layout_rooms, mainiacjoe_overflow_alcove_1,
          minmay_temple_entry_junction
D:5:      layout_loops_ring
D:6:      layout_basic, serial_shops, kennysheep_little_box
Temple:   minmay_crystal_snake_temple

Skill      XL: |  1  2  3  4  5  6  7 |
---------------+----------------------+-----
Transmutations | 3 4 5 6 |  6.7
Poison Magic   | 1 2 3 |  3.8
Fighting       | 2 3 |  3.6
Spellcasting   | 3 |  3.5
Ice Magic      | 2 3 |  3.5
Polearms       | |  0.6
Dodging        | |  2.6
Unarmed Combat | |  3.6

Action                   |  1- 3 |  4- 6 |  7- 9 || total
-------------------------+-------+-------+-------++-------
Melee: Unarmed           |    26 |    54 |    48 ||   128
       Headbutt          |    23 |    12 |     8 ||    43
       Club              |    88 |       |       ||    88
       Punch             |     1 |     2 |     1 ||     4
       Spear             |    33 |    80 |    36 ||   149
Throw: Dart              |       |       |     1 ||     1
 Cast: Beastly Appendage |    34 |    14 |     4 ||    52
       Wereblood         |     2 |     3 |     2 ||     7
       Spider Form       |       |     9 |     8 ||    17
  Use: Scroll            |     8 |     2 |       ||    10
 Stab: Sleeping          |       |     1 |       ||     1
Armor: Robe              |    41 |    21 |     7 ||    69
       Skin              |       |     1 |     3 ||     4
Dodge: Dodged            |    98 |    89 |    71 ||   258
